 Dungeon Crawl Stone Soup version 0.28.0-53-g5a82cb258f (webtiles) character file.

Game seed: 1515432583886313053

1446 nickcage the Frost Mage (level 8, 0/58 (85) HPs)
             Began as a Grey Draconian Ice Elementalist on May 25, 2022.
             Was an Initiate of Vehumet.
             Slain by a wight
             ... wielding a +2 hand axe
              (2 damage)
             ... on level 5 of the Dungeon.
             The game lasted 00:20:37 (6973 turns).

nickcage the Frost Mage (DrIE)                      Turns: 6973, Time: 00:20:37

HP:   0/58 (85)     AC: 31    Str: 10    XL:     8   Next: 46%
MP:   14/17         EV:  2    Int: 17    God:    Vehumet [......]
Gold: 262           SH:  0    Dex: 13    Spells: 2/19 levels left

rFire   . . .      SeeInvis .   p - +2 dagger (flame)
rCold   . . .      Faith    .   (no shield)
rNeg    . . .      Spirit   .   (armour unavailable)
rPois   +          Reflect  .   (helmet currently unavailable)
rElec   .          Harm     .   (cloak currently unavailable)
rCorr   .          Rampage  .   (gloves currently unavailable)
Will    .....      NoTele   +   (boots currently unavailable)
Stlth   ++........              (no amulet)
HPRegen 0.19/turn               (no ring)
MPRegen 0.15/turn               (no ring)

@: ice-armoured, tree-form, very heavily drained
A: stationary, stasis, torment immunity, boosted hp, AC +11, (amphibious),
unfitting armour, (cold-blooded)
a: Renounce Religion


You were on level 5 of the Dungeon.
You worshipped Vehumet.
Vehumet was noncommittal.
You were a tree.
You visited 2 branches of the dungeon, and saw 7 of its levels.

You collected 262 gold pieces.

Inventory:

Hand Weapons
 a - a +0 spear of freezing
 c - a +0 dagger of chaos
 p - a +2 dagger of flaming (weapon)
Armour
 q - a +0 cloak
 r - a scarf of repulsion (melded)
Wands
 m - a wand of charming (10)
Scrolls
 b - 2 scrolls of identify
 e - a scroll of enchant weapon {unknown}
 g - a scroll of teleportation {unknown}
 i - 3 scrolls of fog
 j - a scroll of amnesia {unknown}
Potions
 d - a potion of haste {unknown}
 f - a potion of lignification
 h - 5 potions of curing
 k - 3 potions of cancellation
 l - a potion of brilliance {unknown}
 n - a potion of resistance {unknown}
 o - a potion of flight {unknown}
 s - a potion of attraction {unknown}


   Skills:
 - Level 1.7 Dodging
 - Level 1.7 Stealth
 + Level 6.4 Spellcasting
 * Level 2.3 Conjurations
 + Level 8.2 Ice Magic
 * Level 2.3 Earth Magic
 - Level 1.0 Evocations


You had 2 spell levels left.
You knew the following spells:

 Your Spells              Type           Power      Damage    Failure   Level
a - Freeze                Ice            100%       1d11      1%          1
b - Frozen Ramparts       Ice            66%        1d8       1%          3
c - Ozocubu's Armour      Ice            33%        N/A       1%          3
d - Hailstorm             Conj/Ice       23%        3d7       14%         4
e - Magic Dart            Conj           52%        1d5       4%          1
f - Lee's Rapid Deconstr  Erth           6%         3d7*      78%         5

Your spell library contained the following spells:

 Spells                   Type           Power      Damage    Failure   Level
 Shock                    Conj/Air       36%        1d5       8%          1
 Animate Skeleton         Necr           10%        N/A       12%         1
 Apportation              Tloc           10%        N/A       12%         1
 Summon Small Mammal      Summ           20%        N/A       12%         1
 Static Discharge         Conj/Air       9%         N/A       12%         2
 Call Imp                 Summ           5%         N/A       19%         2
 Mephitic Cloud           Conj/Pois/Air  8%         N/A       26%         3
 Ignite Poison            Fire/Tmut/Pois 5%         N/A       36%         3
 Leda's Liquefaction      Hex/Erth       4%         N/A       58%         4
 Lightning Bolt           Conj/Air       4%         1d16      91%         5
 Statue Form              Tmut/Erth      6%         N/A       100%        6
 Necromutation            Tmut/Necr      2%         N/A       100%        8


Dungeon Overview and Level Annotations

Branches:
Dungeon (6/15)             Temple (1/1) D:4

Altars:
Cheibriados
Nemelex Xobeh
Okawaru
Trog
Vehumet

Annotations:
D:6 Menkaure


Innate Abilities, Weirdness & Mutations

You are a tree.
Your roots penetrate the ground, keeping you stationary.
You cannot be teleported.
You are immune to unholy pain and torment.
Your maximum health is greatly increased.
Your equipment is partially melded.
((Your dull iron-grey scales are very hard. (AC +11)))
((You are amphibious.))
You cannot fit into any form of body armour.
((You are cold-blooded and may be slowed by cold attacks.))


Message History

You feel drained.
* * * LOW HITPOINT WARNING * * *
The wight barely misses you.
Your icy armour will break if you move.
Continue?
The wight hits you but does no damage. The wight closely misses you.
You climb upwards.
Your icy armour cracks and falls away as you move.
There is a stone staircase leading down here.
The wight closely misses you.
Casting: Ozocubu's Armour (safe; 1% risk of failure)
Confirm with . or Enter, or press ? or * to list all spells.
A film of ice covers your body! The wight hits you with a +2 hand axe!
* * * LOW HITPOINT WARNING * * *
You feel drained.
* * * LOW HITPOINT WARNING * * *
You feel better. The wight barely misses you.
Okay, then.
Casting: Ozocubu's Armour (safe; 1% risk of failure)
Confirm with . or Enter, or press ? or * to list all spells.
Okay, then.
Okay, then.
Really quaff the potion of lignification?
You turn into a tree.
Your scarf of repulsion melds into your body.
The haze of the repulsion field disappears.
Your roots penetrate the ground.
The wight hits you but does no damage.
You closely miss the wight.
The wight is severely damaged.
The wight hits you with a +2 hand axe.
* * * LOW HITPOINT WARNING * * *
You hit the wight but do no damage.
The wight is severely damaged.
The wight hits you with a +2 hand axe.
* * * LOW HITPOINT WARNING * * *
You hit the wight but do no damage.
The wight is severely damaged.
The wight hits you with a +2 hand axe.
* * * LOW HITPOINT WARNING * * *
You feel drained.
You die...

#.#...#
#.#.##########
#.#...........
#.############
#.#.......#...
#######.#.#####.#...
#....)..#)## #.####
##.######..# #.#...
#.♣zz.....####.....
####...#.....#.....
#...#..##.#..>..
#...>.###.#.....
#.....'...#.....
#.....#####.#'#+
#####.......#.#+
#.#######...
###'#### #...


You could see 2 wights.

Vanquished Creatures
  Sigmund (D:5)
  3 ogres (D:5)
  A centaur (D:5)
  A necrophage (D:5)
  A bullfrog (D:6)
  2 scorpions (D:5)
  A water moccasin zombie (D:6)
  2 wights (D:6)
  A bullfrog zombie (D:3)
  4 hounds
  An orc priest (D:6)
  Jessica (D:2)
  2 iguanas
  4 orc wizards
  A howler monkey zombie (D:6)
  7 adders
  3 gnolls (D:3)
  A white imp (D:6)
  An adder skeleton (D:4)
  A worm (D:2)
  5 orcs
  8 endoplasms
  A giant cockroach (D:3)
  9 hobgoblins
  4 jackals
  3 quokkas
  8 ball pythons
  5 bats
  3 frilled lizards
  7 goblins
  5 kobolds
  5 rats
102 creatures vanquished.

Notes
Turn   | Place    | Note
-------+----------+-------------------------------------------
     0 | D:1      | nickcage the Draconian Ice Elementalist began the quest for
                  | the Orb.
     0 | D:1      | Reached XP level 1. HP: 14/14 MP: 3/3
   286 | D:1      | Reached XP level 2. HP: 17/20 MP: 3/5
  1234 | D:2      | Reached XP level 3. HP: 26/26 MP: 3/6
  1247 | D:2      | Reached skill level 5 in Ice Magic
  1252 | D:2      | Learned a level 3 spell: Frozen Ramparts
  1256 | D:2      | Learned a level 3 spell: Ozocubu's Armour
  1863 | D:2      | Noticed Jessica
  1867 | D:2      | Killed Jessica
  1868 | D:2      | Reached XP level 4. HP: 32/33 MP: 5/8
  2033 | D:3      | Found a sparkling altar of Nemelex Xobeh.
  2172 | D:3      | Reached XP level 5. HP: 3/38 MP: 3/10
  3713 | D:3      | Learned a level 4 spell: Hailstorm
  3757 | D:4      | Reached skill level 6 in Ice Magic
  4042 | D:4      | Reached XP level 6. HP: 37/45 MP: 7/12
  4521 | D:4      | Reached skill level 1 in Conjurations
  4523 | D:4      | Learned a level 1 spell: Magic Dart
  4576 | D:4      | Found a staircase to the Ecumenical Temple.
  4591 | Temple   | Entered the Ecumenical Temple
  4598 | Temple   | Became a worshipper of Vehumet
  4714 | D:5      | Entered Level 5 of the Dungeon
  4999 | D:5      | Your scales start taking on a dull iron-grey colour.
  4999 | D:5      | Reached XP level 7. HP: 50/50 MP: 7/14
  5194 | D:5      | Reached skill level 5 in Spellcasting
  5469 | D:5      | Reached skill level 7 in Ice Magic
  5682 | D:5      | Noticed Sigmund
  5689 | D:5      | Killed Sigmund
  5690 | D:5      | Reached XP level 8. HP: 50/57 MP: 8/16
  5883 | D:5      | Learned a level 5 spell: Lee's Rapid Deconstruction
  6103 | D:6      | Reached skill level 8 in Ice Magic
  6103 | D:6      | Reached skill level 1 in Earth Magic
  6194 | D:6      | Got the Volume of Transmutation and Combat Magic
  6253 | D:6      | Noticed Menkaure
  6753 | D:6      | Reached skill level 1 in Evocations
  6973 | D:5      | HP: 2/61 [wight/+2 hand axe (5)]
  6973 | D:5      | Slain by a wight

Illustrated notes

Levels and vault maps discovered:
D:1:      dpeg_arrival_brainrot, layout_loops_ring,
          amcnicky_mini_rare_corridor_liquid
D:2:      layout_rooms, kennysheep_jessica_study
D:3:      layout_basic, mainiacjoe_overflow_catwalk,
          chequers_serial_rivers_micro_d
D:4:      layout_cave_pools, minmay_temple_entry_nine_rooms
D:5:      layout_basic, uniq_eustachio, uniq_sigmund, uniq_pikel
D:6:      layout_cave_pools, uniq_duvessa, uniq_menkaure, uniq_edmund
Temple:   compressed_dpeg_triangle_lava_temple

Skill      XL: |  1  2  3  4  5  6  7  8 |
---------------+-------------------------+-----
Ice Magic      | 5 6 7 8 |  8.2
Spellcasting   | 3 4 5 6 |  6.4
Conjurations   | 1 2 |  2.3
Earth Magic    | 2 |  2.3
Evocations     | 1 |  1.0
Dodging        | |  1.7
Stealth        | |  1.7

Action                   |  1- 3 |  4- 6 |  7- 9 || total
-------------------------+-------+-------+-------++-------
Melee: Dagger            |    21 |    21 |    96 ||   138
       Tailslap          |     2 |     4 |    16 ||    22
       Unarmed           |     2 |       |       ||     2
       Spear             |       |    33 |       ||    33
       Punch             |       |       |     1 ||     1
 Cast: Freeze            |    47 |    48 |    21 ||   116
       Frozen Ramparts   |       |     7 |    11 ||    18
       Ozocubu's Armour  |       |     5 |    13 ||    18
       Magic Dart        |       |       |    11 ||    11
  Use: Scroll            |       |     7 |     1 ||     8
       Potion            |       |       |     2 ||     2
 Stab: Sleeping          |     8 |     5 |       ||    13
       Paralysed         |       |     1 |       ||     1
Armor: Skin              |    10 |    28 |    50 ||    88
Dodge: Dodged            |    29 |    56 |    64 ||   149
